 Dungeon Crawl Stone Soup version 0.18.1-50-g88ac8fd (webtiles) character file.

43 ololoev the Magician (level 3, 0/19 HPs)
             Began as a Deep Elf Earth Elementalist on Nov 25, 2016.
             Slain by a ball python (1 damage)
             ... on level 3 of the Dungeon.
             The game lasted 00:03:42 (441 turns).

ololoev the Magician (Deep Elf Earth Elementalist)   Turns: 441, Time: 00:03:43

Health: 0/19       AC:  3    Str:  3 (5)  XL:     3   Next: 37%
Magic:  9/11       EV: 15    Int: 19 (20) God:
Gold:   61         SH:  0    Dex: 19 (20) Spells: 2 memorised, 7 levels left

rFire  . . .     SeeInvis .     b - 5 stones
rCold  . . .     Gourm    .     j - +0 robe
rNeg   . . .     Faith    .     (no shield)
rPois  .         Spirit   .     (no helmet)
rElec  .         Dismiss  .     k - +0 cloak
rCorr  .         Reflect  .     (no gloves)
SustAt .         Harm     .     (no boots)
MR     .....                    (no amulet)
Stlth  +++.......               (no ring)
                                (no ring)

@: agile, lethally poisoned (0 -> -4), flying, constricted, not resistant to
hostile enchantments, fairly stealthy
A: no striking features
a: no special abilities

Inventory:

Hand Weapons
 a - a +4 quarterstaff of chaos
Missiles
 b - 5 stones (in hand)
Armour
 j - a +0 robe (worn)
 k - a +0 cloak (worn)
Scrolls
 h - 2 scrolls of fog {unknown}
 l - 2 scrolls of identify {unknown}
Potions
 f - a potion of agility
 g - a potion of flight
 i - a potion of curing {unknown}
 m - a potion of beneficial mutation {unknown}
Books
 c - a book of Geomancy

   Spells                             Type                      Level
   a - Sandblast                      Earth                        1
   b - Passwall                       Transmutation/Earth          2
   c - Stone Arrow                    Conjuration/Earth            3
   d - Petrify                        Transmutation/Earth          4
   e - Lee's Rapid Deconstruction     Earth                        5
Comestibles
 d - 3 bread rations
 n - a meat ration


   Skills:
 - Level 2.4 Dodging
 - Level 2.4 Stealth
 * Level 4.5 Spellcasting
 + Level 0.0 Conjurations
   Level 1.1 Transmutations
 + Level 4.0 Earth Magic


You had 7 spell levels left.
You knew the following spells:

 Your Spells              Type           Power        Failure   Level  Hunger
a - Sandblast             Erth           ###...       2%          1    None
b - Stone Arrow           Conj/Erth      ##....       17%         3    ###....


You were on level 3 of the Dungeon.
You were not hungry.

You visited 1 branch of the dungeon, and saw 3 of its levels.

You collected 61 gold pieces.

## ..##.
...#.#######
........#.....#
..#...........#
...........S...#
#......#.#a@...#
#........#.)...#
.. ....#.#####
#.##.##.#
#.......#
####.#### #.#
#.####...
#<.....#

Notes
Turn   | Place    | Note
--------------------------------------------------------------
     0 | D:1      | ololoev the Deep Elf Earth Elementalist began the quest for the Orb.
     0 | D:1      | Reached XP level 1. HP: 10/10 MP: 6/6
    51 | D:1      | Oozefury: !cheers ololoev
    52 | D:1      | beem: *beem* slides a flagon of rum across the bar to ololoev, courtesy of Oozefury.
    53 | D:1      | ololoev: hi ooze
    66 | D:1      | Oozefury: Does it worth Shatter for transmuter?
    66 | D:1      | ololoev: if you go for the statue form, it is
    72 | D:1      | Oozefury: yes i have
   147 | D:2      | Reached XP level 2. HP: 15/15 MP: 6/8
   247 | D:2      | Noticed Crazy Yiuf
   258 | D:2      | Killed Crazy Yiuf
   258 | D:2      | Reached XP level 3. HP: 11/19 MP: 3/10
   389 | D:2      | Learned a level 3 spell: Stone Arrow
   441 | D:3      | Slain by a ball python

Dungeon Overview and Level Annotations

Branches:
Dungeon (3/15)

Altars:


Message History

Casting: Sandblast
Confirm with . or Enter, or press ? or * to list all spells.
Aiming: Sandblast
Press: ? - help, Shift-Dir - straight line, f - dart slug
Aim: a dart slug The rocky blast hits the dart slug.
You kill the dart slug!
Your Earth Magic skill increases to level 4!
Your +4 quarterstaff of chaos is briefly surrounded by a scintillating aura of random colours.
a - a +4 quarterstaff of chaos (weapon)
Found a scroll labeled ZUOGOG CODDA.
There is an open door here.
l - a scroll labeled ZUOGOG CODDA You open the door.
There is an open door here.
As you open the door, it creaks loudly!
A goblin comes into view. It is wielding a club.
The goblin shouts!
You sock the goblin!
You kill the goblin!
There is an open door here.
You see here a club.
There is an open door here.
You see here a club.
m - an emerald potion
Found a leather armour and 18 bolts.
Found a scroll labeled ZUOGOG CODDA.
n - a meat ration
l - 2 scrolls labeled ZUOGOG CODDA (gained 1) Memorise Stone Arrow, consuming 3 spell levels and leaving 7?
You start memorising the spell.
You continue memorising. x3
You finish memorising.
Spell assigned to 'b'.
Found 17 gold pieces and a leather armour.
You now have 61 gold pieces (gained 17).
Found a stone staircase leading down.
There is a stone staircase leading down here.
You climb downwards.
There is a stone staircase leading up here.
A ball python comes into view.
Found a club.
A worker ant comes into view.
The worker ant twitches its antennae in your direction.
You see here a club.
b - 7 stones (in hand)
Casting: Sandblast
Confirm with . or Enter, or press ? or * to list all spells.
Aiming: Sandblast
Press: ? - help, Shift-Dir - straight line, f - worker ant
Aim: a worker ant The rocky blast hits the worker ant.
The worker ant closely misses you. The ball python bites you.
The ball python misses you.
Casting: Sandblast
Confirm with . or Enter, or press ? or * to list all spells.
Aiming: Sandblast
Press: ? - help, Shift-Dir - straight line, f/p - worker ant
Aim: a worker ant The rocky blast misses the worker ant.
The worker ant bites you!
You are poisoned.
The worker ant poisons you! The ball python bites you.
The ball python grabs you. The ball python constricts you.
Drink which item? (? for menu, Esc to quit)
It was a potion of agility.
You feel agile all of a sudden.
You feel sick. The worker ant bites you.
The ball python bites you but does no damage.
The ball python constricts you. The worker ant closely misses you.
Drink which item? (? for menu, Esc to quit)
It was a potion of flight.
You feel very buoyant.
You fly up into the air.
The ball python closely misses you. The ball python constricts you.
The worker ant barely misses you.
Drink which item? (? for menu, Esc to quit)
It was a potion of degeneration.
There was something very wrong with that liquid.
You feel weakened.
You feel dopey.
You feel clumsy.
You feel sick.
The ball python bites you but does no damage.
The ball python constricts you. The worker ant barely misses you.
The ball python barely misses you.
You die...

You could see a worker ant and a ball python.

Vanquished Creatures
  Crazy Yiuf (D:2)
  2 dart slugs
  A giant gecko (D:2)
  A ball python (D:2)
  A bat (D:1)
  A hobgoblin (D:1)
  A quokka (D:2)
  A giant newt (D:1)
  2 goblins
  A rat (D:1)
12 creatures vanquished.

Action                   || total
-------------------------++-------
Melee: Quarterstaff      ||     2
 Cast: Sandblast         ||    19
  Use: Potion            ||     3
Armor: Robe              ||     3
Dodge: Dodged            ||    11

Vault maps used:
D:1:      lemuel_arrival_funnel, serial_bayou_ford_a
D:2:      ecumenical_altar_2, uniq_crazy_yiuf_cottage
D:3:      first_bread
